Map: Lock & Load

Players

Darksceater

  • Race: Protoss Protoss
  • Spawn Location: 7:00

Odin

  • Race: Protoss Protoss
  • League: Gold
  • Spawn Location: 6:00

VOD

Have the link to the VOD?

Description

Time

  • Played on: Aug. 6, 2018, 2:55 a.m.
  • Length: 21:06
Show
View Real Time Build Order
Export as new Build Order

Darksceater Protoss 

Build Orders:  

Get SALT Encoding   

  12  0:02  Probe (Chrono Boost)  
  13  0:16  Probe (Chrono Boost)  
  14  0:26  Pylon  
  14  0:31  Probe (Chrono Boost)  
  15  0:47  Assimilator  
  15  0:50  Probe (Chrono Boost)  
  16  1:04  Probe (Chrono Boost)  
  17  1:10  Gateway  
  17  1:14  Pylon  
  17  1:18  Probe (Chrono Boost)  
  18  1:32  Probe (Chrono Boost)  
  19  1:43  Twilight Council  
  19  1:49  Cybernetics Core  
  19  1:53  Forge  
  19  1:54  Probe (Chrono Boost)  
  20  2:08  Probe (Chrono Boost)  
  21  2:12  Assimilator  
  21  2:21  Probe (Chrono Boost)  
  22  2:30  Kaldalis' A.I. Personality  
  22  2:36  Legionnaire  
  25  2:42  Probe (Chrono Boost)  
  26  2:54  Charge  
  26  2:57  Warp Gate  
  26  3:01  Probe (Chrono Boost)  
  27  3:15  Probe (Chrono Boost)  
  28  3:27  Talis' A.I. Personality  
  28  3:29  Probe (Chrono Boost)  
  29  3:40  Gateway  
  29  3:43  Probe (Chrono Boost)  
  30  3:54  Psionic Projection  
  30  3:57  Probe (Chrono Boost)  
  31  4:26  Pylon  
  31  4:38  Pylon  
  31  4:39  Pylon  
  31  4:41  Pylon  
  31  4:50  Probe (Chrono Boost)  
  32  5:11  Adept  
  34  5:31  Nexus  
  34  5:41  Robotics Facility  
  34  5:44  Robotics Facility  
  34  5:47  Protoss Shields Level 1  
  34  5:48  Stargate  
  34  5:51  Stargate  
  34  5:57  Forge  
  34  6:35  Conservator  
  34  6:37  Adept  
  38  6:43  Fleet Beacon  
  38  6:46  Cybernetics Core  
  38  6:54  Stargate  
  38  7:22  Assimilator  
  38  7:25  Purifier Armaments  
  38  7:27  Assimilator  
  38  7:32  Pylon  
  38  7:33  Probe (Chrono Boost)  
  38  7:36  Pylon  
  39  7:42  Pylon  
  39  7:43  Probe (Chrono Boost)  
  39  7:47  Probe (Chrono Boost)  
  41  7:51  Conservator  
  41  7:52  Conservator  
  41  7:57  Probe (Chrono Boost)  
  46  8:01  Probe (Chrono Boost)  
  47  8:11  Probe (Chrono Boost)  
  47  8:15  Probe (Chrono Boost)  
  49  8:27  Observation Protocol  
  49  8:35  Protoss Air Armor Level 1, Protoss Air Weapons Level 1  
  49  8:50  Combat Sensor Array  
  49  8:53  Mojo's A.I. Personality  
  49  8:55  Protoss Ground Weapons Level 1  
  49  9:05  Probe x2 (Chrono Boost)  
  51  9:18  Probe (Chrono Boost)  
  51  9:19  Probe (Chrono Boost)  
  52  9:27  Protoss Shields Level 2  
  53  9:32  Probe (Chrono Boost)  
  53  9:33  Probe (Chrono Boost)  
  55  9:46  Probe (Chrono Boost)  
  55  9:47  Probe (Chrono Boost)  
  55  9:49  Graviton Catapult  
  57  9:53  Clolarion's A.I. Personality  
  57  9:57  Adept x2  
  61  10:00  Probe (Chrono Boost)  
  61  10:01  Probe (Chrono Boost)  
  63  10:14  Probe x2 (Chrono Boost)  
  63  10:16  Empowered Blades  
  65  10:24  Scout x2  
  65  10:28  Probe x2 (Chrono Boost)  
  73  10:32  Carrier  
  79  10:42  Probe x2 (Chrono Boost)  
  81  11:02  Gateway  
  81  11:06  Gateway  
  81  11:08  Gateway  
  81  11:09  Suppression Procedure, Gateway  
  81  11:14  Gateway  
  81  11:16  Debilitation System  
  81  11:29  Conservator  
  81  11:35  Protoss Ground Armor Level 1  
  81  11:51  Scout x2  
  87  12:01  Adept  
  87  12:02  Legionnaire  
  87  12:09  Interdictors  
  92  12:21  Scout x2  
  92  12:23  Protoss Shields Level 3  
  98  13:01  Photon Cannon x2  
  98  13:04  Photon Cannon  
  98  13:06  Photon Cannon  
  98  13:08  Photon Cannon  
  98  13:09  Photon Cannon  
  98  13:13  Photon Cannon  
  98  13:23  Pylon  
  98  13:26  Conservator  
  98  13:29  Pylon  
  98  13:31  Pylon  
  98  13:33  Pylon  
  98  13:34  Pylon  
  98  13:37  Pylon  
  98  13:38  Pylon  
  98  13:40  Pylon  
  98  13:41  Pylon  
  98  13:42  Protoss Ground Weapons Level 2  
  98  13:43  Pylon  
  98  13:56  Adept x4  
  98  13:57  Adept  
  108  14:40  Conservator  
  108  15:01  Legionnaire  
  108  15:02  Legionnaire x4  
  108  15:03  Legionnaire x2  
  129  15:45  Protoss Ground Armor Level 2  
  96  15:50  Carrier x3  
  147  16:11  Conservator  
  147  16:35  Conservator  
  147  16:36  Conservator  
  147  16:37  Adept x3  
  101  16:40  Protoss Air Armor Level 2, Protoss Air Weapons Level 2  
  157  17:01  Protoss Ground Weapons Level 3  
  157  17:49  Scout  
  157  17:50  Scout x2  
  166  18:19  Scout  
  111  18:20  Scout  
  169  18:27  Scout  
  172  18:31  Pylon  
  172  18:32  Pylon  
  172  18:34  Pylon  
  172  18:35  Pylon  
  172  18:37  Pylon  
  172  18:39  Pylon  
  172  18:41  Pylon  
  172  18:42  Pylon  
  190  19:38  Optimized Emitters  
  190  20:02  Legionnaire  
  190  20:04  Legionnaire  
  190  20:05  Legionnaire  
  190  20:08  Legionnaire  
Show
View Real Time Build Order
Export as new Build Order

Odin Protoss 

Build Orders:  

Get SALT Encoding   

  12  0:04  Probe (Chrono Boost)  
  13  0:26  Gateway  
  13  0:32  Probe (Chrono Boost)  
  14  0:45  Pylon  
  14  0:51  Probe (Chrono Boost)  
  15  1:02  Assimilator  
  15  1:14  Probe (Chrono Boost)  
  16  1:43  Zealot  
  16  1:48  Assimilator  
  18  1:54  Cybernetics Core  
  18  2:04  Zealot  
  18  2:09  Probe (Chrono Boost)  
  21  2:23  Probe (Chrono Boost)  
  22  2:37  Probe (Chrono Boost)  
  23  2:51  Probe (Chrono Boost)  
  23  2:54  Stargate  
  24  3:05  Probe (Chrono Boost)  
  25  3:19  Probe (Chrono Boost)  
  26  3:33  Probe (Chrono Boost)  
  27  3:47  Gateway, Probe (Chrono Boost)  
  28  3:51  Forge  
  28  4:00  Probe (Chrono Boost)  
  29  4:14  Probe (Chrono Boost)  
  30  4:28  Probe (Chrono Boost)  
  31  4:42  Probe (Chrono Boost)  
  31  4:48  Phoenix x2  
  36  4:56  Probe (Chrono Boost)  
  37  5:29  Nexus  
  37  5:32  Assimilator  
  37  5:37  Assimilator  
  33  6:09  Phoenix x3  
  39  6:24  Stargate  
  39  6:28  Stargate  
  39  6:34  Gateway  
  39  6:45  Probe (Chrono Boost)  
  40  6:59  Phoenix, Probe (Chrono Boost)  
  43  7:10  Probe (Chrono Boost)  
  43  7:13  Probe (Chrono Boost)  
  45  7:24  Probe (Chrono Boost)  
  45  7:27  Probe (Chrono Boost)  
  47  7:33  Twilight Council  
  47  7:37  Probe (Chrono Boost)  
  48  7:40  Probe (Chrono Boost)  
  49  7:51  Probe (Chrono Boost)  
  49  7:54  Probe (Chrono Boost)  
  51  8:05  Probe (Chrono Boost)  
  51  8:08  Probe (Chrono Boost)  
  53  8:17  Zealot  
  53  8:18  Zealot x2  
  53  8:19  Probe (Chrono Boost)  
  59  8:22  Probe (Chrono Boost)  
  59  8:23  Phoenix  
  63  8:33  Probe (Chrono Boost)  
  63  8:36  Probe (Chrono Boost)  
  65  8:48  Phoenix  
  65  8:49  Phoenix x2  
  71  9:36  Phoenix x3  
  71  9:37  Phoenix x3  
  83  9:55  Probe x2 (Chrono Boost)  
  85  10:06  Fleet Beacon  
  85  10:09  Probe x2 (Chrono Boost)  
  87  10:15  Forge  
  87  10:22  Probe (Chrono Boost)  
  87  10:24  Robotics Facility  
  88  10:46  Gateway  
  88  10:53  Stargate  
  88  11:02  Pylon  
  88  11:16  Forge  
  88  11:21  Phoenix, Forge  
  88  11:22  Phoenix x2  
  88  11:27  Cybernetics Core  
  94  12:55  Zealot  
  94  12:56  Zealot  
  94  12:58  Zealot x5  
  106  13:26  Charge  
  106  13:27  Anion Pulse-Crystals  
  106  13:37  Protoss Ground Armor Level 1, Protoss Ground Weapons Level 1, Protoss Shields Level 1  
  106  13:38  Protoss Air Weapons Level 1  
  106  13:39  Protoss Air Armor Level 1  
  106  14:05  Zealot x5  
  106  14:06  Zealot x5  
  126  14:17  Pylon  
  126  14:26  Whirlwind  
  126  14:57  Double Graviton Beam  
  124  15:12  Zealot x2  
  128  15:42  Zealot x3  
  128  15:43  Zealot x3  
  128  15:44  Zealot x4  
  128  15:45  Zealot  
  128  15:48  Phoenix x6  
  128  15:49  Phoenix x5  
  170  16:32  Gateway  
  170  16:34  Gateway  
  170  16:37  Gateway  
  170  16:38  Gateway  
  170  17:01  Observer  
  171  17:21  Protoss Ground Armor Level 2, Protoss Shields Level 2, Protoss Ground Weapons Level 2  
  171  18:06  Zealot x5  
  169  19:22  Phoenix  
  169  19:23  Phoenix x4  
  169  19:26  Tempest x3  
  191  19:30  Zealot x3  
  191  19:31  Zealot  
Tags
 
Commander
ArtanisFenix
League
Gold
Matchup
Co-op
Replay Pack
Co-op Missions
Add a new tag
Caveats
  • Supply blocks, unpowered buildings, or Contaminate may cause inaccurate times.
  • Supply counts are checked every 10 seconds.